cohdb
Replays
Latest Replays
All Replays
Popular Replays
Top Player Replays
Match Explorer
How It Works
Community
CoH3 Stats
Reddit
Sign in to upload your games and track your stats! →
Sign in with Steam
Match 47203916
Unlisted
Match 47203916
Overview
Messages
Build Orders
End
Kradschützen Motorcycle Team
Panzerpioneer Squad
Selects Panzerjäger Kommand Battlegroup
Selects Mine Fields
250 Light Carrier
Construct Light Support Kompanie
Assault Grenadier Squad
MG34 Team
Fire Support Elements
le.IG 18 Support Gun Team
2.5-tonne Medical Truck
Panzerjäger Mechanized Group
Selects Tank Busters
Combat Half-tracks
Construct Panzerarmee Kommand
Selects Crew Shock Tactics
Armored Reserves
Pak 38 Anti-tank Gun Team
Assault Grenadier Squad
Panzerjäger Squad
Selects Defensive Positions
Pak 38 Anti-tank Gun Team
Assault Grenadier Squad
Selects Butterfly Bomb Drop
StuG Assault Group
Vehicle Survival Package
Selects Anti-tank Overwatch
Butterfly Bomb Drop
Tiger Heavy Tank
Goodvyn
Bedbug
0
0
Comments
sign in to comment!
No comments posted yet!